Map: Deathaura LE

Players

LiquidClem (Clem) - Winner!

  • Race: Terran Terran
  • Spawn Location: 5:00

Trap

  • Race: Protoss Protoss
  • League: Master
  • Spawn Location: 11:00

VOD

Have the link to the VOD?

Description

Time

  • Played on: Jan. 17, 2021, 10:11 a.m.
  • Length: 17:11
Show
View Real Time Build Order
Export as new Build Order

LiquidClem Terran - Winner!

Build Orders: 1/1/1 

Get SALT Encoding   

  12  0:00  SCV  
  13  0:12  SCV  
  14  0:17  Supply Depot  
  14  0:24  SCV  
  14  0:27  Refinery  
  15  0:38  SCV  
  16  0:45  Barracks  
  16  0:50  SCV  
  17  1:02  SCV  
  18  1:14  SCV  
  19  1:32  Orbital Command, Marine  
  20  1:33  Factory  
  20  1:38  Supply Depot  
  20  1:40  Refinery  
  20  1:50  Barracks Reactor  
  20  1:57  SCV  
  21  2:09  SCV  
  22  2:22  Supply Depot, Starport, SCV  
  23  2:31  Hellion x2  
  23  2:35  SCV  
  28  2:47  SCV  
  29  2:52  Hellion x2  
  29  2:54  Supply Depot  
  29  2:58  Medivac  
  35  3:05  Armory  
  35  3:07  Barracks Reactor  
  35  3:13  Widow Mine  
  35  3:14  Widow Mine  
  35  3:16  SCV  
  40  3:39  SCV  
  39  3:43  Command Center  
  39  3:44  Marine  
  39  3:45  Marine  
  41  3:52  Supply Depot  
  41  3:53  Starport Tech Lab  
  41  3:57  SCV  
  41  4:02  Marine x2  
  45  4:10  SCV  
  45  4:11  Bunker  
  43  4:21  Siege Tank, Marine  
  36  4:32  Viking  
  36  4:44  Marine x2  
  33  4:46  SCV  
  34  4:54  Siege Tank  
  34  4:58  SCV  
  38  5:03  Marine x2  
  38  5:05  Viking  
  42  5:10  SCV  
  43  5:20  Marine x2  
  45  5:22  SCV  
  45  5:26  Siege Tank  
  45  5:28  Orbital Command  
  49  5:35  Liberator  
  52  5:37  SCV  
  53  5:44  Supply Depot  
  53  5:46  Marine x2  
  53  5:49  SCV  
  56  5:53  SCV  
  57  6:01  SCV  
  58  6:06  SCV  
  59  6:11  Stimpack, Marine  
  59  6:13  SCV  
  59  6:15  Barracks  
  59  6:17  Barracks  
  61  6:19  Supply Depot  
  61  6:22  Factory Tech Lab  
  61  6:24  Starport Reactor  
  61  6:25  SCV  
  62  6:26  SCV  
  62  6:29  Marine  
  64  6:34  Engineering Bay  
  64  6:37  SCV  
  64  6:38  SCV  
  66  6:46  Siege Tank  
  69  6:47  Marine  
  69  6:49  SCV  
  69  6:50  SCV  
  71  7:02  SCV  
  71  7:03  SCV, Marine  
  71  7:04  Marine  
  71  7:05  Marine  
  71  7:07  Supply Depot, Terran Infantry Weapons Level 1  
  76  7:12  Refinery  
  76  7:14  SCV  
  76  7:15  SCV  
  78  7:17  Supply Depot, Barracks Tech Lab  
  78  7:24  Refinery  
  78  7:29  SCV x2, Marine x2  
  82  7:31  Siege Tank  
  82  7:35  Marine  
  81  7:40  Marine  
  81  7:41  SCV x2  
  70  7:50  Marine x2  
  69  7:53  SCV  
  69  7:55  Combat Shield, Marauder  
  66  8:01  Marauder  
  66  8:03  Medivac x2  
  71  8:08  Marine x2  
  71  8:12  Command Center  
  73  8:16  Factory Reactor, Concussive Shells  
  73  8:18  Marauder  
  75  8:20  SCV x2  
  75  8:23  Marauder  
  75  8:26  Marine x2  
  81  8:29  Supply Depot  
  81  8:35  Barracks  
  81  8:37  Barracks  
  81  8:40  SCV x2  
  83  8:44  Marauder, Marine x2  
  83  8:45  Supply Depot, Marauder  
  89  8:49  Medivac x2  
  93  8:56  Widow Mine  
  93  8:57  Widow Mine  
  93  9:00  SCV x2  
  93  9:01  Marine  
  98  9:05  Marauder  
  98  9:06  Marauder  
  101  9:13  SCV x2  
  101  9:19  Command Center  
  101  9:21  Supply Depot  
  101  9:22  Marine x2  
  103  9:25  Barracks Tech Lab  
  103  9:27  Marauder  
  103  9:28  Marauder  
  103  9:29  Barracks Reactor  
  107  9:33  Supply Depot  
  107  9:35  Widow Mine  
  109  9:41  Terran Infantry Armor Level 1  
  109  9:43  Widow Mine, Viking  
  113  9:46  Medivac  
  113  9:48  Marine x2  
  117  9:55  Marauder x2  
  117  9:59  Supply Depot  
  121  10:00  Marauder  
  121  10:04  Widow Mine  
  125  10:09  Supply Depot  
  125  10:10  Marine  
  126  10:20  Marine x3  
  126  10:21  Marauder, Widow Mine  
  133  10:31  Supply Depot, Medivac x2  
  135  10:38  Marine  
  135  10:40  Marauder x2, Widow Mine  
  135  10:42  Widow Mine  
  129  10:46  Marine x2  
  129  10:48  Marauder  
  126  10:57  SCV  
  123  10:58  Marine  
  123  11:01  Marauder  
  123  11:02  Medivac  
  122  11:07  SCV  
  122  11:09  Marauder  
  116  11:13  SCV  
  117  11:21  Marine x2  
  117  11:23  SCV  
  119  11:26  Orbital Command  
  119  11:27  SCV  
  120  11:35  SCV  
  120  11:39  SCV  
  122  11:42  Medivac, Marine  
  122  11:44  Marauder  
  117  11:47  SCV  
  117  11:51  SCV, Marine x3  
  117  11:53  SCV  
  123  11:58  Marauder  
  123  11:59  Marauder, SCV  
  128  12:03  SCV  
  128  12:05  SCV  
  128  12:07  Marine  
  131  12:09  Terran Infantry Weapons Level 2  
  131  12:11  SCV  
  131  12:13  Widow Mine x2  
  131  12:15  SCV  
  133  12:17  Supply Depot, SCV  
  133  12:18  Marine x2  
  135  12:23  SCV, Marine  
  135  12:24  Marauder  
  135  12:27  SCV  
  135  12:29  SCV, Marine  
  140  12:30  Marauder  
  140  12:33  Medivac  
  140  12:35  SCV, Marine  
  144  12:39  Widow Mine  
  144  12:41  Marine x2  
  134  12:44  SCV  
  134  12:45  Marine  
  134  12:46  Marauder  
  134  12:48  Marine  
  133  12:52  SCV  
  133  12:56  Marauder x2  
  133  12:57  SCV  
  137  12:59  Widow Mine  
  137  13:05  Marine x2  
  135  13:09  SCV  
  140  13:15  Ghost Academy  
  138  13:20  Command Center  
  138  13:23  Missile Turret  
  138  13:26  Refinery  
  138  13:31  Widow Mine x2  
  142  13:39  Supply Depot  
  142  13:40  SCV x2  
  142  13:41  SCV  
  145  13:43  Ghost  
  145  13:44  Ghost  
  145  13:45  Refinery  
  149  13:52  Marine x4  
  149  13:53  Marauder  
  153  14:00  Supply Depot  
  153  14:03  SCV x2  
  153  14:04  SCV  
  152  14:10  Supply Depot, Widow Mine x2  
  152  14:12  Marauder  
  152  14:13  Marine x3  
  161  14:17  Ghost, Marine  
  161  14:23  Ghost  
  166  14:31  Liberator x2  
  166  14:34  Widow Mine  
  166  14:37  Widow Mine  
  176  14:41  Ghost  
  176  14:42  SCV  
  176  14:43  SCV  
  180  14:57  Marauder  
  181  15:02  Ghost  
  180  15:10  Marauder  
  180  15:14  Viking x2  
  178  15:16  Marine x3  
  178  15:17  Planetary Fortress  
  178  15:18  SCV x2  
  178  15:19  SCV  
  180  15:29  Marine  
  180  15:30  Ghost, SCV  
  180  15:31  SCV x2  
  183  15:37  Marine x2  
  183  15:38  Ghost  
  187  15:43  SCV  
  187  15:44  Viking  
  196  15:50  Widow Mine x2, Marine x2  
  196  15:53  Command Center  
  196  15:57  Refinery  
  194  15:59  Ghost  
  194  16:02  Medivac  
  197  16:06  Ghost  
  182  16:11  Widow Mine, Marine x2  
  182  16:12  Widow Mine  
  182  16:13  Marauder  
  182  16:18  Marine  
  175  16:21  Marine  
  167  16:29  Marauder  
  167  16:32  SCV  
  164  16:33  Marine  
  164  16:34  Barracks x2, Marauder, Marine  
  164  16:35  Barracks  
  164  16:36  Marauder  
  164  16:37  Marine  
  164  16:38  Marine  
  164  16:39  Widow Mine  
  176  16:50  Marine  
  176  16:51  Marine  
Show
View Real Time Build Order
Export as new Build Order

Trap Protoss 

Build Orders: Chargelot Immortal 

Get SALT Encoding   

  12  0:00  Probe  
  13  0:12  Probe  
  14  0:17  Pylon  
  14  0:24  Probe (Chrono Boost)  
  15  0:36  Gateway, Probe (Chrono Boost)  
  16  0:44  Probe (Chrono Boost)  
  16  0:46  Assimilator  
  17  0:51  Probe  
  18  1:03  Probe  
  19  1:15  Probe  
  20  1:24  Zealot, Cybernetics Core  
  22  1:26  Pylon  
  22  1:32  Pylon, Probe  
  23  1:46  Probe  
  24  1:57  Stalker (Chrono Boost)  
  24  1:58  Warp Gate (Chrono Boost)  
  26  2:02  Shield Battery  
  26  2:04  Probe  
  26  2:17  Nexus  
  26  2:22  Assimilator  
  26  2:27  Stalker  
  28  2:30  Probe  
  29  2:39  Gateway  
  29  2:42  Probe  
  30  2:54  Probe  
  30  2:56  Stalker  
  33  3:04  Robotics Facility  
  33  3:06  Probe  
  34  3:18  Probe  
  34  3:19  Pylon  
  35  3:30  Probe  
  35  3:36  Probe  
  34  3:42  Stalker x2  
  34  3:43  Probe  
  39  3:59  Observer  
  40  4:03  Stalker x2  
  40  4:09  Probe x2  
  42  4:22  Probe (Chrono Boost)  
  42  4:23  Probe (Chrono Boost)  
  38  4:34  Probe (Chrono Boost)  
  40  4:39  Probe (Chrono Boost)  
  40  4:41  Probe (Chrono Boost)  
  39  4:46  Probe (Chrono Boost)  
  39  4:47  Observer  
  42  4:53  Probe (Chrono Boost)  
  42  4:57  Probe (Chrono Boost)  
  43  5:02  Probe x2 (Chrono Boost)  
  45  5:09  Twilight Council  
  45  5:10  Forge  
  45  5:12  Probe (Chrono Boost)  
  47  5:14  Probe (Chrono Boost)  
  47  5:19  Observer  
  48  5:24  Probe (Chrono Boost)  
  50  5:29  Probe (Chrono Boost)  
  50  5:31  Probe (Chrono Boost)  
  50  5:33  Pylon  
  51  5:38  Probe (Chrono Boost)  
  51  5:39  Probe (Chrono Boost)  
  53  5:46  Assimilator, Charge  
  53  5:48  Assimilator  
  55  5:50  Probe (Chrono Boost)  
  55  5:53  Probe (Chrono Boost)  
  55  5:55  Probe (Chrono Boost)  
  56  5:58  Templar Archives  
  56  6:00  Probe  
  56  6:03  Gateway  
  57  6:05  Probe  
  57  6:11  Immortal (Chrono Boost)  
  58  6:12  Pylon  
  62  6:18  Gateway  
  62  6:20  Zealot  
  62  6:22  Zealot  
  66  6:27  Pylon  
  66  6:31  Shield Battery  
  66  6:33  Shield Battery  
  66  6:42  High Templar x2  
  66  6:46  Archon  
  70  6:51  Immortal (Chrono Boost)  
  72  6:59  Zealot  
  74  7:03  Gateway  
  74  7:04  Gateway  
  74  7:09  Shield Battery  
  74  7:13  Zealot  
  74  7:15  Zealot x2  
  80  7:21  Pylon  
  80  7:22  Pylon  
  80  7:23  Pylon  
  80  7:30  Pylon  
  72  7:42  Warp Prism (Chrono Boost)  
  66  7:48  Probe x2  
  66  7:51  Assimilator  
  68  7:53  Templar Archives  
  68  7:55  Protoss Ground Armor Level 1  
  68  8:06  Sentry x2  
  68  8:07  Probe x2  
  68  8:09  Nexus  
  68  8:11  Psionic Storm  
  74  8:18  Gateway  
  74  8:19  Gateway  
  76  8:33  Zealot  
  76  8:36  Zealot, High Templar  
  80  8:46  Pylon  
  80  8:47  Zealot, High Templar  
  84  8:56  Immortal  
  88  9:05  Observer  
  88  9:08  Zealot x3  
  92  9:12  Zealot  
  92  9:20  Observer  
  92  9:23  High Templar  
  93  9:24  Zealot, High Templar  
  93  9:27  Nexus  
  97  9:32  Pylon  
  97  9:34  Pylon  
  97  9:42  High Templar  
  99  9:46  Pylon  
  99  9:50  Pylon  
  99  9:51  Immortal (Chrono Boost)  
  99  9:53  Observer  
  99  9:57  Zealot x2  
  107  10:05  Shield Battery  
  107  10:09  Probe x2  
  102  10:19  Photon Cannon  
  102  10:22  Probe  
  102  10:23  Probe  
  102  10:24  Observer  
  98  10:47  Probe x2  
  98  10:49  Zealot x2  
  91  10:50  Zealot  
  81  10:59  Immortal (Chrono Boost)  
  73  11:10  High Templar x4  
  75  11:18  Probe x2  
  73  11:19  Archon x2  
  73  11:22  Zealot, High Templar  
  75  11:29  Stalker  
  75  11:30  Probe  
  76  11:44  Zealot x2  
  76  11:45  Zealot x2  
  80  11:49  Protoss Ground Armor Level 2 (Chrono Boost), High Templar  
  82  11:55  Sentry, Zealot  
  82  12:00  Probe x2 (Chrono Boost)  
  88  12:08  Shield Battery  
  89  12:10  High Templar  
  89  12:12  Probe (Chrono Boost)  
  89  12:13  Probe (Chrono Boost)  
  86  12:17  Probe x2 (Chrono Boost)  
  86  12:20  Probe (Chrono Boost)  
  86  12:22  Zealot, High Templar  
  89  12:26  Zealot, Probe (Chrono Boost)  
  89  12:27  Probe (Chrono Boost)  
  86  12:32  Probe (Chrono Boost)  
  86  12:36  Probe x2 (Chrono Boost)  
  86  12:38  Probe (Chrono Boost)  
  79  12:44  Archon  
  79  12:45  Zealot x3  
  79  12:48  Probe x2  
  79  12:51  High Templar  
  79  12:52  Zealot  
  79  12:59  Archon  
  79  13:02  Zealot  
  79  13:03  Probe (Chrono Boost)  
  79  13:04  Probe (Chrono Boost)  
  84  13:08  Templar Archives, Probe (Chrono Boost)  
  84  13:14  Probe x2 (Chrono Boost)  
  84  13:16  Sentry x2  
  84  13:17  Probe (Chrono Boost)  
  91  13:21  Immortal  
  91  13:22  Probe x2  
  97  13:28  Assimilator  
  97  13:29  Assimilator  
  97  13:31  Sentry, Zealot  
  101  13:38  Observer  
  101  13:40  Stalker x2  
  102  14:00  Warp Prism  
  102  14:05  High Templar x2  
  102  14:09  Protoss Ground Weapons Level 1 (Chrono Boost)  
  106  14:10  Pylon  
  106  14:11  Probe x3  
  109  14:22  Zealot x2  
  109  14:23  Zealot x3  
  119  14:24  Blink  
  119  14:29  Shield Battery  
  119  14:35  Immortal (Chrono Boost)  
  123  14:40  Sentry x2  
  127  14:48  Zealot x5  
  135  15:05  Immortal (Chrono Boost)  
  129  15:10  Robotics Bay  
  129  15:13  Zealot x5  
  135  15:15  High Templar  
  135  15:16  High Templar  
  139  15:25  Archon  
  129  15:41  Robotics Facility  
  129  15:43  Photon Cannon  
  129  15:44  High Templar  
  129  15:45  High Templar  
  133  16:00  Stalker x3, Zealot x2  
  123  16:18  Zealot x2  
  102  16:19  Observer  
  102  16:22  Zealot x2  
  102  16:23  Zealot x3  
  98  16:36  Archon  
  99  16:50  Zealot x4  
  99  16:55  Sentry x2  
  99  16:57  Zealot  
Tags
 
League
Master
Matchup
PvT
Opening
1/1/1
Player
ClemTrap
Spawn Locations
Cross Positions
Add a new tag
Caveats
  • Supply blocks, unpowered buildings, or Contaminate may cause inaccurate times.
  • Supply counts are checked every 10 seconds.